 Dungeon Crawl Stone Soup version 0.20.1-1-g8b1a95d (webtiles) character file.

793 ChromeMolly the Sneak (level 7, -1/47 HPs)
             Began as an Octopode Fighter on Nov 26, 2017.
             Was an Initiate of Gozag.
             Splashed by a jelly's acid (2 damage)
             ... on level 5 of the Dungeon.
             The game lasted 00:23:51 (4671 turns).

ChromeMolly the Sneak (Octopode Fighter)            Turns: 4671, Time: 00:23:52

Health: -1/47      AC:  1    Str: 15    XL:     7   Next: 88%
Magic:  16/16      EV: 15    Int: 11    God:    Gozag
Gold:   241        SH: 10    Dex: 13    Spells: 6/6 levels left

rFire    + . .     SeeInvis .   e - +0 dagger
rCold    . . .     Gourm    .   b - +1 shield
rNeg     . . .     Faith    .   (helmet restricted)
rPois    .         Spirit   .   (no amulet)
rElec    .         Reflect  .   j - ring of protection from fire
rCorr    .         Harm     .   p - ring of flight
MR       .....                  u - ring of magical power
Stlth    ++++......             w - +3 ring of evasion
Regen    0.2/turn               (no ring)
MPRegen  0.2/turn               (no ring)
                                (no ring)
                                (no ring)

@: no status effects
A: almost no armour, stealthy swim, amphibious, 8 rings, constrict 8, camouflage
1, gelatinous body 1
a: Potion Petition, Call Merchant, Bribe Branch, Renounce Religion, Evoke Flight


You were on level 5 of the Dungeon.
You worshipped Gozag.
Gozag was aware of your devotion.
You were hungry.

You visited 2 branches of the dungeon, and saw 6 of its levels.

You collected 279 gold pieces.
You paid 38 gold pieces to Gozag.

Inventory:

Hand Weapons
 a - a +2 war axe
 e - a +0 dagger (weapon)
 m - a +2 dagger of flaming
Missiles
 g - 339 stones (quivered)
 l - 7 tomahawks
Armour
 b - a +1 shield (worn)
Jewellery
 j - a ring of protection from fire (left tentacle)
 p - a ring of flight (right tentacle)
 u - a ring of magical power (on tentacle)
 w - a +3 ring of evasion (on tentacle)
Scrolls
 f - a scroll of enchant armour
 i - 4 scrolls of remove curse
 r - 2 scrolls of fear
 s - a scroll of teleportation {unknown}
Potions
 c - a potion of might
 k - 2 potions of resistance {unknown}
 n - a potion of degeneration {unknown}
Books
 t - a book of the Sky

   Spells                             Type                      Level
   a - Summon Lightning Spire         Summoning/Air                4
   b - Silence                        Hexes/Air                    5
   c - Deflect Missiles               Charms/Air                   6
   d - Conjure Ball Lightning         Conjuration/Air              6
   e - Tornado                        Air                          9
Comestibles
 d - 5 bread rations
 h - a royal jelly
 o - 4 fruits
 q - a meat ration


   Skills:
 + Level 3.9 Fighting
 * Level 3.0 Short Blades
 + Level 3.6 Axes
 * Level 3.3 Throwing
 + Level 3.6 Dodging
 * Level 6.7 Stealth
 + Level 3.5 Shields


You had 6 spell levels left.
You didn't know any spells.

Dungeon Overview and Level Annotations

Branches:
Dungeon (5/15)             Temple (1/1) D:4

Altars:
Ashenzari
Cheibriados
Dithmenos
Elyvilon
Fedhas
Gozag
Hepliaklqana
Kikubaaqudgha
Makhleb
Nemelex Xobeh
Okawaru
Ru
Sif Muna
Trog
Uskayaw
Vehumet
Xom
Yredelemnul
Zin
The Shining One


Innate Abilities, Weirdness & Mutations

You cannot wear most types of armour.
You are very stealthy in the water. (Stealth+)
You are amphibious.
You can wear up to eight rings at the same time.
You can use your tentacles to constrict eight enemies at once.
Your skin changes colour to match your surroundings (Stealth+).
Your rubbery body absorbs attacks. (AC +1, EV +1)


Message History

The jelly is moderately wounded.
You hit the jelly but do no damage.
Your tentacles burn!
* * * LOW HITPOINT WARNING * * *
The jelly is moderately wounded.
You block the jelly's attack.
You hit the jelly.
Your tentacles burn!
* * * LOW HITPOINT WARNING * * *
The jelly is heavily wounded.
You block the jelly's attack.
You hit the jelly.
Your tentacles burn!
* * * LOW HITPOINT WARNING * * *
The jelly is severely wounded.
The jelly completely misses you.
You completely miss the jelly. You squeeze the jelly.
The jelly is severely wounded.
You are feeling hungry.
The jelly closely misses you.
You hit the jelly.
Your tentacles burn!
You die...
Your body crumbles into a pile of gold.

#.#..#..##..###...##.##.##.#
#.##.#..##............)....#
#.##.#..##.......######.####
#.......#####.#########.#
####.###### #...........# #
#......# ##o########## #
#.####.# #o# # #.####.# #J#
######......####@# #
....##.#.......<.# #
###>##......###..# # #
#.##########...# ###### #
#.# #...# #..... # #.# #...#
#.#### #.## #...# ####.####
#..# #...# #.......# ##.#
#^..# #.##.##.#


You could see a jelly, an orc priest and an orc.

Vanquished Creatures
  Menkaure (D:4)
  A water moccasin zombie (D:5)
  A scorpion (D:5)
  A crimson imp (D:5)
  A howler monkey (D:5)
  A hound (D:4)
  Crazy Yiuf (D:2)
  An orc priest (D:5)
  4 orc wizards
  A worker ant (D:5)
  Terence (D:2)
  8 gnolls
  6 adders
  An ooze (D:4)
  4 worms
  4 dart slugs
  2 leopard geckos
  18 orcs
  A giant cockroach (D:3)
  10 goblins
  5 hobgoblins
  5 jackals (D:2)
  2 quokkas
  2 ball pythons (D:2)
  5 bats
  2 frilled lizards
  4 kobolds
  8 rats
101 creatures vanquished.

Notes
Turn   | Place    | Note
-------+----------+-------------------------------------------
     0 | D:1      | ChromeMolly the Octopode Fighter began the quest for the Orb.
     0 | D:1      | Reached XP level 1. HP: 16/16 MP: 1/1
   169 | D:1      | Reached XP level 2. HP: 21/21 MP: 2/2
   315 | D:1      | Reached skill level 1 in Throwing
   499 | D:1      | Reached skill level 1 in Stealth
   663 | D:2      | Reached XP level 3. HP: 26/26 MP: 3/3
   838 | D:2      | Reached skill level 2 in Stealth
   842 | D:2      | Reached skill level 1 in Short Blades
   842 | D:2      | Reached XP level 4. HP: 20/31 MP: 4/4
   871 | D:2      | Noticed Terence
   879 | D:2      | Reached skill level 3 in Stealth
   880 | D:2      | Killed Terence
  1241 | D:2      | Found a runed door.
  1403 | D:2      | Noticed Crazy Yiuf
  1410 | D:2      | Killed Crazy Yiuf
  1410 | D:2      | Reached XP level 5. HP: 8/36 MP: 5/5
  2248 | D:4      | Noticed Menkaure
  2254 | D:4      | Killed Menkaure
  2254 | D:4      | Reached skill level 4 in Stealth
  2254 | D:4      | Reached XP level 6. HP: 42/42 MP: 6/6
  2305 | D:4      | Reached skill level 5 in Stealth
  2662 | D:4      | Reached XP level 7. HP: 38/46 MP: 7/7
  2675 | D:4      | Reached skill level 6 in Stealth
  2697 | D:4      | Found a sacrificial altar of Ru.
  2736 | D:4      | Found a glowing golden altar of the Shining One.
  2812 | D:4      | Found a staircase to the Ecumenical Temple.
  2830 | Temple   | Entered the Ecumenical Temple
  2912 | Temple   | Became a worshipper of Gozag Ym Sagoz the Greedy
  3332 | D:5      | Entered Level 5 of the Dungeon
  3602 | D:5      | HP: 2/47 [gnoll/spear (1)]
  4669 | D:5      | HP: 1/47 [acid (2)]
  4671 | D:5      | Splashed by a jelly's acid

Skill      XL: |  1  2  3  4  5  6  7 |
---------------+----------------------+-----
Throwing       | 1 2 3 |  3.3
Stealth        | 1 2 3 4 5 6 |  6.7
Short Blades   | 1 2 3 |  3.0
Axes           | 3 |  3.6
Fighting       | |  3.9
Dodging        | |  3.6
Shields        | |  3.5

Action                   |  1- 3 |  4- 6 |  7- 9 || total
-------------------------+-------+-------+-------++-------
Melee: War axe           |     9 |    23 |     5 ||    37
       Constrict         |    16 |    19 |    22 ||    57
       Dagger            |    44 |    51 |    78 ||   173
       Tentacles         |     5 |    21 |    25 ||    51
Throw: Stone             |    14 |    11 |     4 ||    29
  Use: Scroll            |     2 |     4 |     5 ||    11
       Potion            |     1 |     3 |     2 ||     6
 Stab: Sleeping          |     7 |    11 |     2 ||    20
  Eat: Chunk             |       |     5 |     1 ||     6
       Bread ration      |       |       |     1 ||     1
       Fruit             |       |       |     1 ||     1
Armor: Skin              |     2 |     4 |     2 ||     8
Dodge: Dodged            |    18 |    29 |    23 ||    70
Block: Shield            |    19 |    32 |    32 ||    83
